 Dungeon Crawl Stone Soup version 0.25-a0-503-ge281fa673e (webtiles) character file.

Game seed: 8790404726407550249, levelgen mode: deterministic

317 Gargoyl the Skirmisher (level 6, -2/52 HPs)
             Began as a Centaur Abyssal Knight on Feb 13, 2020.
             Was a Believer of Lugonu.
             Slain by Grinder (6 damage)
             ... while paralysed by Grinder
             ... on level 4 of the Dungeon.
             The game lasted 00:05:06 (4227 turns).

Gargoyl the Skirmisher (Centaur Abyssal Knight)     Turns: 4227, Time: 00:05:07

Health: -2/52      AC:  9    Str: 15    XL:     6   Next: 20%
Magic:  8/8        EV:  1    Int: 11    God:    Lugonu [**....]
Gold:   206        SH:  0    Dex: 17    Spells: 5/5 levels left

rFire    . . .     SeeInvis .   a - +1 hand axe
rCold    . . .     Gourm    .   (no shield)
rNeg     . . .     Faith    .   b - +0 plate armour
rPois    +         Spirit   .   (helmet restricted)
rElec    .         Reflect  .   (no cloak)
rCorr    .         Harm     .   (no gloves)
MR       .....                  (no barding)
Stlth    ..........             (no amulet)
HPRegen  0.17/turn              f - ring of attention (curse)
MPRegen  0.11/turn              i - ring of poison resistance

@: paralysed, agile, very quick
A: large, antennae 1, hooves 3, agile 1, deformed body, speed 2, poison
resistance, tough skin 3, sturdy frame 1
a: Depart the Abyss, Bend Space, Renounce Religion


You were on level 4 of the Dungeon.
You worshipped Lugonu.
Lugonu was pleased with you.
You were not hungry.

You visited 1 branch of the dungeon, and saw 4 of its levels.
You visited the Abyss 1 time.
You also visited: Ossuary.

You collected 206 gold pieces.

Inventory:

Hand Weapons
 a - a +1 hand axe (weapon)
Missiles
 h - 3 boomerangs (quivered)
Armour
 b - a +0 plate armour (worn)
 d - a +0 helmet
 g - a +2 ring mail of cold resistance
Jewellery
 f - a cursed ring of attention (left hand)
 i - a ring of poison resistance (right hand)
 l - an uncursed ring of ice {unknown}
Wands
 k - a wand of flame (21)
Scrolls
 e - a scroll of identify
Comestibles
 c - 3 rations


   Skills:
 + Level 3.7 Fighting
 + Level 2.9 Axes
 + Level 0.7 Throwing
 * Level 3.3 Armour
 * Level 1.6 Dodging
 * Level 3.1 Invocations


You had 5 spell levels left.
You didn't know any spells.
Your spell library was empty.

Dungeon Overview and Level Annotations

Branches:
Dungeon (4/15)            Ossuary (visited)
 Temple: D:4-7

Altars:

Annotations:
D:4 Grinder


Innate Abilities, Weirdness & Mutations

You have hooves in place of feet.
Armour fits poorly on your strangely shaped body.
You cover ground very quickly.
You have extremely tough skin. (AC +3)
You have a pair of small antennae on your head.
You are agile. (Dex +2)
Your system is resistant to poisons. (rPois)
Your movements are slightly less encumbered by armour. (ER -2)


Message History

Grinder blinks!
Grinder hits you but does no damage.
You barely miss Grinder.
Grinder is heavily wounded.
Grinder hits you!
You hit Grinder but do no damage. You kick Grinder.
Grinder is heavily wounded.
Grinder gestures at you.
You suddenly lose the ability to move!
Grinder gestures at you. Pain shoots through your body!
* * * LOW HITPOINT WARNING * * *
Grinder drinks a potion.
Grinder is healed!
Grinder hits you but does no damage. Grinder hits you.
* * * LOW HITPOINT WARNING * * *
You writhe in agony.
* * * LOW HITPOINT WARNING * * *
Grinder hits you.
You die...

....# #.........†.....# .....
..##...########## ## ....# ##
#...# #. ...####...# #.
#.........#### #. #.
.##.........#########.
#......##.##.......))....
#########.#.#####5#####....#####.
......†...# #.@.# ####...# #.
....#####...# #.### ###.###.
..#.###...#####.# #...#.
#........#......# ###.##
##.##....)....####### #.##
....................##### #..#
..........#####.........#### ##.#
..........# ####....)....# #...
.........## ######....# #...


You could see Grinder.

Vanquished Creatures
  A scorpion (D:4)
  A centaur zombie (Ossuary)
  2 mummies
  An iguana (D:4)
  3 gnolls (D:4)
  5 adders
  An ooze (D:3)
  2 worms
  A dart slug (D:3)
  5 leopard geckos
  4 orcs (D:3)
  2 ball pythons
  9 giant cockroaches
  8 goblins
  9 hobgoblins
  4 jackals (D:3)
  5 kobolds
  2 quokkas
  3 bats
  2 frilled lizards (D:2)
  7 rats
77 creatures vanquished.

Vanquished Creatures (others)
  A withered plant (Ossuary)
1 creature vanquished.

Grand Total: 78 creatures vanquished

Notes
Turn   | Place    | Note
-------+----------+-------------------------------------------
     0 | Abyss:1  | Gargoyl the Centaur Abyssal Knight began the quest for the
                  | Orb.
     0 | Abyss:1  | Reached XP level 1. HP: 19/19 MP: 2/2
    58 | Abyss:1  | Noticed a quasit
    60 | Abyss:1  | Noticed a large abomination
    75 | Abyss:1  | Noticed a large abomination
    80 | D:1      | Escaped the Abyss
   399 | D:1      | Reached XP level 2. HP: 26/26 MP: 3/3
   887 | D:1      | Reached * piety under Lugonu
   933 | D:2      | Gained mutation: Your system is resistant to poisons.
                  | (rPois) [potion of mutation]
   933 | D:2      | Gained mutation: Your movements are slightly less
                  | encumbered by armour. (ER -2) [potion of mutation]
   933 | D:2      | Gained mutation: You have a pair of small antennae on your
                  | head. [potion of mutation]
   933 | D:2      | Gained mutation: You are agile. (Dex +2) [potion of
                  | mutation]
   948 | D:2      | Reached skill level 1 in Dodging
   956 | D:2      | Reached XP level 3. HP: 11/31 MP: 4/4
  1792 | D:2      | Reached XP level 4. HP: 37/38 MP: 5/5
  2217 | D:3      | Reached ** piety under Lugonu
  3149 | D:4      | Reached XP level 5. HP: 39/45 MP: 7/7
  3216 | D:4      | Found a sand-covered staircase.
  3227 | Ossuary  | Entered an ossuary
  3963 | D:4      | Reached XP level 6. HP: 34/52 MP: 8/8
  4070 | D:4      | Noticed Grinder
  4071 | D:4      | Paralysed by Grinder for 3 turns
  4188 | D:4      | Paralysed by Grinder for 4 turns
  4222 | D:4      | Paralysed by Grinder for 6 turns
  4227 | D:4      | Slain by Grinder

Levels and vault maps discovered:
D:1:      minmay_arrival_widening_spiral_wide, layout_basic
D:2:      layout_basic, hangedman_abyss_or_decor_lesser_grid,
          minmay_misc_feat_room
D:3:      layout_basic, first_ration, small_statue_intersection
D:4:      layout_rooms, nicolae_ossuary_entry_ruins, kennysheep_generic_room_11,
          uniq_grinder

Skill      XL: |  1  2  3  4  5 |
---------------+----------------+-----
Dodging        | 1 |  1.6
Axes           | 2 |  2.9
Armour         | 2 3 |  3.3
Invocations    | 3 |  3.1
Fighting       | |  3.7
Throwing       | |  0.7

Action                   |  1- 3 |  4- 6 || total
-------------------------+-------+-------++-------
Melee: Hand axe          |    97 |   164 ||   261
       Kick              |    16 |    47 ||    63
Throw: Boomerang         |       |    10 ||    10
Invok: Depart the Abyss  |     1 |       ||     1
Evoke: Wand              |       |     1 ||     1
  Use: Scroll            |     5 |     1 ||     6
       Potion            |     1 |     1 ||     2
  Eat: Chunk             |     1 |     4 ||     5
       Ration            |       |     1 ||     1
Armor: Ring mail         |    32 |       ||    32
       Leather armour    |     2 |       ||     2
       Plate armour      |    28 |   136 ||   164
Dodge: Dodged            |    32 |    25 ||    57

Table legend:
 A = Non-vault XP
 B = Vault XP
 C = Vault XP percentage of total XP
 D = Non-vault monster count
 E = Vault monster count
 F = Vault count percentage of total count
                 A         B        C        D         E       F
            +---------+---------+-------+---------+---------+-------
      Total |     312 |     141 |  31.1 |      73 |       4 |   5.2
            +---------+---------+-------+---------+---------+-------
        D:1 |      20 |       0 |   0.0 |      12 |       0 |   0.0
        D:2 |      79 |       0 |   0.0 |      24 |       0 |   0.0
        D:3 |      91 |       0 |   0.0 |      29 |       0 |   0.0
        D:4 |     122 |      58 |  32.2 |       8 |       2 |  20.0
    Ossuary |       0 |      83 | 100.0 |       0 |       2 | 100.0
            +---------+---------+-------+---------+---------+-------
